 Dungeon Crawl Stone Soup version 0.31.0-32-g396128a36d (webtiles) character file.

Game seed: 12635842633934174443

1562 ChadusMaximus the Summoner (level 8, 0/46 HPs)
             Began as a Barachi Summoner on Mar 12, 2024.
             Was a Follower of Hepliaklqana.
             Slain by a steam dragon (3 damage)
             ... on level 5 of the Dungeon.
             The game lasted 00:08:50 (6326 turns).

ChadusMaximus the Summoner (Barachi Summoner)       Turns: 6326, Time: 00:08:51

Health: 0/46       AC:  7    Str: 10    XL:     8   Next: 89%
Magic:  17/17      EV: 12    Int: 21    God:    Hepliaklqana [*.....]
Gold:   409        SH:  0    Dex: 12    Spells: 10/20 levels left

rFire   . . .        x - +5 woodcutter's axe
rCold   . . .        (shield currently unavailable)
rNeg    . . .        a - +0 robe
rPois   .            (no helmet)
rElec   .            r - +4 cloak of Skepticism {-Tele Int-3 Slay+5 SInv}
rCorr   .            (no gloves)
SInv    +            (no boots)
Will    +....        (no amulet)
Stlth   ++           n - ring of willpower
HPRegen 0.27/turn    u - +6 ring of intelligence
MPRegen 0.15/turn

%: no teleportation
@: inugami summoned, slow
A: reduced essence, amphibious, slowness 1, strong legs 1, +LOS
a: Hop, Renounce Religion, Recall Ancestor, Ancestor Identity


You were on level 5 of the Dungeon.
You worshipped Hepliaklqana.
Hepliaklqana was aware of your devotion.
You visited 1 branch of the dungeon, and saw 8 of its levels.

You collected 409 gold pieces.

Inventory:

Hand Weapons
 i - a +0 dagger
 p - a +1 sling
 x - the +5 woodcutter's axe (weapon)
   (You found it on level 3 of the Dungeon)
Armour
 a - a +0 robe (worn)
 b - a +0 kite shield
 r - the +4 cloak of Skepticism (worn) {-Tele Int-3 Slay+5 SInv}
   (You found it on level 3 of the Dungeon)

   Int-3:     It affects your intelligence (-3).
   Slay+5:    It affects your accuracy & damage with ranged weapons and melee
   (+5).
   SInv:      It lets you see invisible.
   -Tele:     It prevents most forms of teleportation.
 D - a +0 buckler
Jewellery
 n - a ring of willpower (left hand)
 u - a +6 ring of intelligence (right hand)
 w - the amulet "Solaxoes" {Reflect Rampage rC+ MP-9 Dex+3 SH+5}
   (You found it on level 3 of the Dungeon)

   [amulet of reflection]

   Reflect:   It reflects blocked missile attacks.
   Dex+3:     It affects your dexterity (+3).
   rC+:       It protects you from cold.
   MP-9:      It affects your magic capacity (-9).
   SH+5:      It affects your SH (+5).
   Rampage:   It bestows one free step when moving towards enemies.
Wands
 y - a wand of charming (21)
Scrolls
 c - 3 scrolls of enchant weapon
 d - 4 scrolls of immolation {unknown}
 e - a scroll of enchant armour {unknown}
 f - 4 scrolls of identify {unknown}
 g - 2 scrolls of amnesia {unknown}
 h - 4 scrolls of teleportation {unknown}
 j - 2 scrolls of butterflies {unknown}
 m - a scroll of fear {unknown}
 o - 2 scrolls of blinking {unknown}
 q - a scroll of fog {unknown}
 B - a scroll of torment {unknown}
 E - a scroll of noise {unknown}
Potions
 k - a potion of cancellation {unknown}
 l - 2 potions of enlightenment {unknown}
 s - 2 potions of heal wounds
 t - a potion of attraction {unknown}
 v - 3 potions of lignification {unknown}
 z - a potion of ambrosia {unknown}
 A - a potion of mutation {unknown}
 C - a potion of haste {unknown}


   Skills:
 - Level 2.1 Dodging
 - Level 1.7 Stealth
 + Level 6.6 Spellcasting
 * Level 11.5 Summonings


You had 10 spell levels left.
You knew the following spells:

 Your Spells              Type           Power      Damage    Failure   Level
a - Summon Small Mammal   Summ           100%       N/A       1%          1
b - Call Canine Familiar  Summ           53%        N/A       1%          3
c - Call Imp              Summ           100%       N/A       1%          2
d - Summon Lightning Spi  Summ/Air       31%        N/A       9%          4

Your spell library contained the following spells:

 Spells                   Type           Power      Damage    Failure   Level
 Summon Blazeheart Golem  Fire/Summ      31%        N/A       9%          4
 Kiss of Death            Conj/Necr      24%        2d7       10%         1
 Cigotuvi's Dreadful Rot  Necr/Alch/Air  12%        N/A       14%         2
 Lesser Beckoning         Tloc           12%        N/A       14%         2
 Confusing Touch          Hex            6%         N/A       28%         3
 Gell's Gravitas          Tloc           6%         N/A       28%         3
 Teleport Other           Tloc           6%         N/A       28%         3
 Dispel Undead            Necr           6%         3d8       67%         4
 Ignite Poison            Fire/Alch      6%         N/A       67%         4
 Freezing Cloud           Conj/Ice/Air   3%         6-21      95%         5


Dungeon Overview and Level Annotations

Branches:
Dungeon (8/15)             Temple (0/1) D:5
   Lair: D:8-11

Altars:
Cheibriados
Fedhas
Hepliaklqana
Kikubaaqudgha
Uskayaw
Wu Jian
The Shining One

Annotations:
D:6 3 runed translucent doors, Beaer's ghost, novice TrFi; Sheol's ghost, novice MiFi; Voland's ghost, novice TeAE; mihai's ghost, novice DECj; ripuliukko's ghost, novice GrEE


Innate Abilities, Weirdness & Mutations

Your life essence is reduced to manifest your ancestor. (-10% HP)
You are amphibious.
You cover ground slowly.
You can hop short distances.
You have an extended range of vision and can be seen from far away.


Message History

Your inugami is engulfed in a cloud of scalding steam.
Your inugami hits the steam dragon.
The steam dragon bites you but does no damage.
The steam dragon barely misses you.
You hit the steam dragon but do no damage.
The steam dragon is moderately wounded.
Anedjib hits the steam dragon but does no damage.
Your inugami hits the steam dragon! The steam dragon barely misses you.
The steam dragon closely misses you.
There are monsters nearby!
You closely miss the steam dragon.
The steam dragon is heavily wounded.
Anedjib barely misses the steam dragon.
Your inugami barely misses the steam dragon.
The steam dragon breathes steam at you. The ball of steam hits you!!
You hear a shout!
Unknown command.
You are too injured to fight recklessly!
Unknown command.
You hit the steam dragon.
The steam dragon is heavily wounded.
You are engulfed in a cloud of scalding steam.
* * * LOW HITPOINT WARNING * * *
Anedjib completely misses the steam dragon.
Your inugami hits the steam dragon. The steam dragon breathes steam at you.
The ball of steam hits you!
* * * LOW HITPOINT WARNING * * *
An ufetubus comes into view.
The iguana is engulfed in a cloud of scalding steam.
The iguana bites Anedjib!
You hear a shout!
Unknown command.
You closely miss the steam dragon.
The steam dragon is severely wounded.
Anedjib misses the steam dragon.
Your inugami barely misses the steam dragon.
The steam dragon bites you.
You die...

#.# #.# ##.....#....
#.#####.# ###...##
## #.......# #.....#
####>#### #.##..#
#.# #. #§.#
#.######.##.§#
#........$.§§##
########..§§§.#.##.#
#..h@Rl§.....
#..§D.#.###.#
#.##...... #.
#.##.### #. #.# .# #
#.# # ... #5# #..


You could see the friendly Anedjib the ancestor, a steam dragon (catching
breath, ally target), an iguana, an ufetubus and a friendly inugami (summoned).

Vanquished Creatures
  An ice beast (D:5)
  An ogre (D:6)
  Blork the orc (D:4)
  A bullfrog (D:6)
  A scorpion (D:6)
  2 gnoll sergeants
  A hound (D:6)
  3 sleepcaps
  Ijyb (D:4)
  Natasha (twice) (D:4)
  5 iguanas
  2 orc wizards (D:6)
  3 gnolls (D:3)
  4 adders
  A white imp (D:5)
  A dart slug (D:2)
  11 orcs
  5 endoplasms
  4 giant cockroaches
  2 goblins
  2 hobgoblins
  A jackal (D:2)
  A quokka (D:3)
  4 ball pythons
  3 frilled lizards
  5 kobolds
  2 rats
70 creatures vanquished.

Vanquished Creatures (collateral kills)
  Jeremiah (D:6)
  An ice beast (D:4)
  Crazy Yiuf (D:3)
  3 orc wizards
  Natasha (D:4)
  An iguana (D:6)
  2 gnolls (D:3)
  An adder (D:2)
  A dart slug (D:1)
  A ribbon worm (D:2)
  An orc (D:6)
  3 bats (D:1)
  4 endoplasms
  4 goblins
  4 hobgoblins
  7 jackals (D:2)
  2 kobolds
  5 ball pythons
  A frilled lizard (D:1)
  2 rats (D:1)
46 creatures vanquished.

Vanquished Creatures (others)
  An ancestor (D:6)
1 creature vanquished.

Grand Total: 117 creatures vanquished

Notes
Turn   | Place    | Note
-------+----------+-------------------------------------------
     0 | D:1      | ChadusMaximus the Barachi Summoner began the quest for the
                  | Orb.
     0 | D:1      | Reached XP level 1. HP: 13/13 MP: 3/3
   117 | D:1      | Reached skill level 5 in Summonings
   226 | D:1      | Reached XP level 2. HP: 9/19 MP: 5/5
   987 | D:2      | Reached XP level 3. HP: 18/24 MP: 7/7
   991 | D:2      | Learned a level 3 spell: Call Canine Familiar
   994 | D:2      | Learned a level 2 spell: Call Imp
  1536 | D:2      | Reached skill level 6 in Summonings
  1552 | D:2      | Reached XP level 4. HP: 21/30 MP: 3/8
  2211 | D:3      | Identified the +4 cloak of Skepticism {-Tele Int-3 Slay+5
                  | SInv}
  2435 | D:3      | Reached XP level 5. HP: 35/35 MP: 10/10
  2481 | D:3      | Found a snail-covered altar of Cheibriados.
  2537 | D:3      | Identified the amulet "Solaxoes" {Reflect Rampage rC+ MP-9
                  | Dex+3 SH+5}
  2651 | D:3      | Found the +5 woodcutter's axe
  2708 | D:3      | Reached skill level 7 in Summonings
  2816 | D:3      | Found a glowing golden altar of the Shining One.
  2872 | D:3      | Found a runed translucent door.
  2873 | D:3      | Noticed Crazy Yiuf
  3530 | D:3      | Killed Crazy Yiuf
  3721 | D:3      | Learned a level 4 spell: Summon Lightning Spire
  3737 | D:4      | Reached XP level 6. HP: 41/41 MP: 11/11
  3751 | D:4      | Noticed Blork the orc
  3764 | D:4      | Killed Blork the orc
  3875 | D:4      | Noticed Natasha
  3883 | D:4      | Killed Natasha
  3933 | D:4      | Noticed an ice beast
  3941 | D:4      | Killed an ice beast
  3942 | D:4      | Reached skill level 8 in Summonings
  4017 | D:4      | Reached XP level 7. HP: 25/46 MP: 13/13
  4140 | D:4      | Found an ancient bone altar of Kikubaaqudgha.
  4140 | D:4      | Noticed Natasha
  4149 | D:4      | Killed Natasha
  4477 | D:4      | Noticed Ijyb
  4481 | D:4      | Killed Ijyb
  4642 | D:4      | Noticed Natasha
  4649 | D:4      | Killed Natasha
  4707 | D:4      | Found a hazy altar of Hepliaklqana.
  4708 | D:4      | Found a hide-covered altar of Uskayaw.
  4710 | D:4      | Found an ornate altar of the Wu Jian Council.
  4710 | D:4      | Found a blossoming altar of Fedhas.
  4718 | D:4      | Became a worshipper of Hepliaklqana the Forgotten
  4771 | D:5      | Entered Level 5 of the Dungeon
  4792 | D:5      | Reached skill level 9 in Summonings
  5062 | D:5      | Found a staircase to the Ecumenical Temple.
  5082 | D:5      | Reached skill level 5 in Spellcasting
  5140 | D:5      | You fall into a shaft and drop 3 floors!
  5303 | D:6      | Reached * piety under Hepliaklqana
  5482 | D:6      | Noticed Jeremiah
  5516 | D:6      | Killed Jeremiah
  5517 | D:6      | Reached skill level 10 in Summonings
  5517 | D:6      | Reached XP level 8. HP: 39/46 MP: 2/16
  5522 | D:6      | Found a runed translucent gate.
  5523 | D:6      | Found a runed translucent gate.
  5598 | D:6      | Found a runed translucent gate.
  5682 | D:6      | Reached skill level 11 in Summonings
  5783 | D:6      | Noticed ripuliukko's ghost (novice GrEE)
  5784 | D:6      | Noticed Sheol's ghost (novice MiFi)
  5784 | D:6      | Noticed mihai's ghost (novice DECj)
  5785 | D:6      | Noticed Beaer's ghost (novice TrFi)
  5786 | D:6      | Noticed Voland's ghost (novice TeAE)
  6326 | D:5      | Slain by a steam dragon

Illustrated notes

Levels and vault maps discovered:
D:1:      nagdon_arrival_zigzag_paths, layout_loops_ring, minivault_24,
          minmay_split_cup_large
D:2:      minmay_diamond_boxcup, layout_basic
D:3:      layout_loops_corners, nicolae_overflow_hidden_temple,
          lemuel_doored_altar, pf_guarded_unrand_woodcutter,
          uniq_crazy_yiuf_cottage
D:4:      layout_loops_cross, kiku_gazebo_pond_becter,
          mainiacjoe_overflow_alcove_3, uniq_blork_the_orc, uniq_natasha,
          uniq_ijyb
D:5:      layout_loops_corners, gammafunk_temple_overflow_claw,
          minmay_temple_entry_butterflies, uniq_edmund
D:6:      layout_loops_cross, gammafunk_ghost_cemetery, abandoned_shop,
          minmay_puff, uniq_jeremiah
D:7:      layout_basic, hangedman_decor_slide_cut
D:8:      layout_loops_ring, erik_lair_orcish_takeover

Skill      XL: |  1  2  3  4  5  6  7  8 |
---------------+-------------------------+-----
Summonings     | 5 6 7 8 10 11 | 11.5
Spellcasting   | 3 4 5 6 |  6.6
Dodging        | |  2.1
Stealth        | |  1.7

Action                     |  1- 3 |  4- 6 |  7- 9 || total
---------------------------+-------+-------+-------++-------
  Melee: Unarmed           |    41 |       |       ||    41
         Dagger            |    62 |    27 |       ||    89
         Punch             |     1 |       |       ||     1
         Battleaxe         |       |    18 |   107 ||   125
   Fire: Sling             |       |    61 |       ||    61
   Cast: Summon Small Mamm |    18 |     5 |     2 ||    25
         Call Imp          |     4 |     8 |     3 ||    15
         Call Canine Famil |     3 |    10 |     6 ||    19
         Summon Lightning  |       |     2 |     2 ||     4
Ability: Hop               |       |     1 |       ||     1
    Use: Potion            |       |     2 |       ||     2
         Scroll            |       |       |     1 ||     1
   Stab: Sleeping          |     1 |       |     1 ||     2
         Distracted        |       |       |     2 ||     2
 Armour: Robe              |    77 |    57 |    54 ||   188
  Dodge: Dodged            |   104 |    67 |    58 ||   229
